AA
TUCSON CHAMELEONS @ CLEBURNE RAILROADERS
04/27/2099
 
TOP OF THE 1ST
Sioux City Explorers batting - Pitching for Chicago Dogs : RHP Sam Schlangen
Pitching: RHP Sam Schlangen
Batting: RHB Lee McNutt 0-0: Called Strike
0-1: Ball
1-1: TRIPLE (Flyball, 78XD, EV 100.6 MPH)
Batting: LHB Felipe Ruiz 0-0: Called Strike
0-1: Called Strike
0-2: Ground out 3-1 (Groundball, 34, EV 85.0 MPH)
Lee McNutt scores
Batting: LHB Marvin Silva 0-0: Called Strike
0-1: Swinging Strike
0-2: Ground out 4-3 (Groundball, 4, EV 89.4 MPH)
Batting: LHB Terry Richardson 0-0: Foul Ball, location: 7LSF
0-1: Ball
1-1: Foul Ball, location: 2LF
1-2: Ball
2-2: SOLO HOME RUN (Flyball, 7LD, EV 98.1 MPH), Distance : 363 ft
Batting: RHB Adrian Tableriou 0-0: Ball
1-0: Called Strike
1-1: Ball
2-1: Foul Ball, location: 2F
2-2: Strikes out swinging
Top of the 1st over - 2 runs, 2 hits, 0 errors, 0 left on base; Sioux City 2 - Chicago 0
BOTTOM OF THE 1ST
Chicago Dogs batting - Pitching for Sioux City Explorers : RHP Tim Edwards
Pitching: RHP Tim Edwards
Batting: RHB Keith Miller 0-0: Called Strike
0-1: Ball
1-1: Foul Ball, location: 2F
1-2: Strikes out swinging
Batting: LHB Larry Strike 0-0: Called Strike
0-1: Ball
1-1: Ball
2-1: Ground out 6-3 (Groundball, 6MD, EV 101.9 MPH)
Batting: LHB Jesse Hansen 0-0: Ball
1-0: Called Strike
1-1: Called Strike
1-2: Ball
2-2: Fly out, F8 (Line Drive, 8LM, EV 102.5 MPH)
Bottom of the 1st over - 0 runs, 0 hits, 0 errors, 0 left on base; Sioux City 2 - Chicago 0
TOP OF THE 2ND
Sioux City Explorers batting - Pitching for Chicago Dogs : RHP Sam Schlangen
Batting: LHB Mike Peirce 0-0: Called Strike
0-1: Foul Ball, location: 25FF
0-2: Ball
1-2: Foul Ball, location: 5DF
1-2: Ball
2-2: Strikes out swinging
Batting: SHB Omar Crespo 0-0: Ball
1-0: Ball
2-0: Swinging Strike
2-1: Foul Ball, location: 7LDF
2-2: Ball
3-2: Foul Ball, location: 23F
3-2: Strikes out swinging
Batting: RHB Mike Fazio 0-0: Called Strike
0-1: Called Strike
0-2: Foul Ball, location: 5FF
0-2: Ball
1-2: Ball
2-2: Foul Ball, location: 9LMF
2-2: Fly out, F7 (Line Drive, 7D, EV 91.9 MPH)
Top of the 2nd over - 0 runs, 0 hits, 0 errors, 0 left on base; Sioux City 2 - Chicago 0
BOTTOM OF THE 2ND
Chicago Dogs batting - Pitching for Sioux City Explorers : RHP Tim Edwards
Batting: RHB Julio Reynoso 0-0: Ball
1-0: Ball
2-0: Called Strike
2-1: Ball
3-1: SINGLE (Groundball, 6S, EV 66.9 MPH) (infield hit)
Batting: LHB Eddy Basave 0-0: Ball
1-0: Called Strike
1-1: Fly out, F9 (Flyball, 9S, EV 90.6 MPH)
Batting: RHB Lazaro Alvarez 0-0: Called Strike
0-1: Fielders Choice at 2nd, 6-4 (Groundball, 6, EV 86.3 MPH)
Batting: SHB Braeden Wilson 0-0: Ball
Lazaro Alvarez steals 2nd base
1-0: Called Strike
1-1: Called Strike
1-2: Strikes out swinging
Bottom of the 2nd over - 0 runs, 1 hit, 0 errors, 1 left on base; Sioux City 2 - Chicago 0
TOP OF THE 3RD
Sioux City Explorers batting - Pitching for Chicago Dogs : RHP Sam Schlangen
Batting: RHB Masayoshi Kubo 0-0: Ball
1-0: Ball
2-0: Ball
3-0: Base on Balls
Pitching: RHP Juan Rivera
Batting: RHB Lee McNutt 0-0: Ball
1-0: Foul Ball, location: 2F
1-1: Swinging Strike
1-2: Hit by Pitch
Masayoshi Kubo to second
Batting: LHB Felipe Ruiz 0-0: DOUBLE (Groundball, 3L, EV 103.8 MPH)
Masayoshi Kubo scores
Lee McNutt to third
Runner from 3rd tries for Home, SAFE, throw by RF to home
Batting: LHB Marvin Silva 0-0: Swinging Strike
0-1: Ball
1-1: Ball
2-1: Ground out 6-3 (Groundball, 6, EV 110.0 MPH)
Felipe Ruiz to third
Batting: LHB Terry Richardson 0-0: Ball
1-0: Ball
2-0: Called Strike
2-1: Ball
3-1: Ground out 4-3 (Groundball, 4, EV 83.8 MPH)
Felipe Ruiz scores
Batting: RHB Adrian Tableriou 0-0: Swinging Strike
0-1: Swinging Strike
0-2: Ball
1-2: Ball
2-2: Ball
3-2: Strikes out swinging
Top of the 3rd over - 3 runs, 1 hit, 0 errors, 0 left on base; Sioux City 5 - Chicago 0
BOTTOM OF THE 3RD
Chicago Dogs batting - Pitching for Sioux City Explorers : RHP Tim Edwards
Batting: RHB Richard Eidson 0-0: Ball
1-0: Foul Ball, location: 2F
1-1: Ball
2-1: Ball
3-1: Called Strike
3-2: Foul Ball, location: 2LF
3-2: Fly out, F9 (Flyball, 9LSF, EV 89.4 MPH)
Batting: LHB Nick Skowronski 0-0: Swinging Strike
0-1: Called Strike
0-2: Ball
1-2: Ball
2-2: SOLO HOME RUN (Line Drive, 9D, EV 101.9 MPH), Distance : 374 ft
Batting: RHB Keith Miller 0-0: Ball
1-0: SINGLE (Line Drive, 4MD, EV 103.8 MPH)
Pitching: RHP Max Graham
Batting: LHB Larry Strike 0-0: Ball
Wild Pitch!
Keith Miller to second
1-0: Foul Ball, location: 3SF
1-1: Swinging Strike
1-2: Foul Ball, location: 2F
1-2: Ball
2-2: Ball
3-2: SINGLE (Line Drive, 9LS, EV 94.4 MPH)
Keith Miller to third
Batting: LHB Jesse Hansen 0-0: Ball
1-0: Swinging Strike
1-1: Foul Ball, location: 2F
1-2: Ball
2-2: Strikes out looking
Batting: RHB Julio Reynoso 0-0: Foul Ball, location: 5FF
0-1: Ground out 1-3 (Groundball, 15, EV 71.9 MPH)
Bottom of the 3rd over - 1 run, 3 hits, 0 errors, 2 left on base; Sioux City 5 - Chicago 1
TOP OF THE 4TH
Sioux City Explorers batting - Pitching for Chicago Dogs : RHP Juan Rivera
Batting: LHB Mike Peirce 0-0: Called Strike
0-1: Ball
1-1: Called Strike
1-2: Ball
2-2: Fly out, F8 (Flyball, 8LM, EV 93.8 MPH)
Batting: SHB Omar Crespo 0-0: Called Strike
0-1: Ball
1-1: Foul Ball, location: 2F
1-2: Foul Ball, location: 23F
1-2: Ball
2-2: Strikes out swinging
Batting: RHB Mike Fazio 0-0: Ground out U3 (Groundball, 34, EV 103.8 MPH)
Top of the 4th over - 0 runs, 0 hits, 0 errors, 0 left on base; Sioux City 5 - Chicago 1
BOTTOM OF THE 4TH
Chicago Dogs batting - Pitching for Sioux City Explorers : RHP Max Graham
Batting: LHB Eddy Basave 0-0: Ball
1-0: Ball
2-0: Foul Ball, location: 2RF
2-1: Swinging Strike
2-2: Ball
3-2: Strikes out swinging
Batting: RHB Lazaro Alvarez 0-0: Ball
1-0: Ball
2-0: Foul Ball, location: 5F
2-1: Foul Ball, location: 3F
2-2: Ball
3-2: Fly out, F9 (Flyball, 9S, EV 86.3 MPH)
Batting: SHB Braeden Wilson 0-0: Ball
1-0: Ball
2-0: DOUBLE (Line Drive, 9LM, EV 102.5 MPH)
Batting: RHB Richard Eidson 0-0: Ball
1-0: Called Strike
1-1: Ball
2-1: Swinging Strike
2-2: Ball
3-2: Base on Balls
Batting: LHB Nick Skowronski 0-0: Fielders Choice at 3rd, U5 (Groundball, 5L, EV 86.3 MPH)
Bottom of the 4th over - 0 runs, 1 hit, 0 errors, 1 left on base; Sioux City 5 - Chicago 1
TOP OF THE 5TH
Sioux City Explorers batting - Pitching for Chicago Dogs : RHP Juan Rivera
Pitching: LHP Robby Carson
Now at C: David Archer
Now at 1B: Cameron McCrary
Now at 2B: Bill Miller
Now at 3B: Ricky Aguirre
Now in LF: Dave Haye
Now in CF: Dave Tracy
Batting: RHB Masayoshi Kubo 0-0: Ball
1-0: SINGLE (Line Drive, 9S, EV 106.3 MPH)
Pinch Hitting: SHB Willie Vizcarra 0-0: Called Strike
0-1: Foul Ball, location: 9LMF
0-2: Strikes out swinging
Pinch Hitting: RHB Ruben Rodrigues 0-0: Called Strike
0-1: Ball
1-1: Fielders Choice at 2nd, 5-4 (Groundball, 56S, EV 79.4 MPH)
Pinch Hitting: RHB Matt Moreno 0-0: Ball
1-0: Ball
2-0: Ball
3-0: Called Strike
3-1: Called Strike
3-2: Strikes out swinging
Top of the 5th over - 0 runs, 1 hit, 0 errors, 1 left on base; Sioux City 5 - Chicago 1
BOTTOM OF THE 5TH
Chicago Dogs batting - Pitching for Sioux City Explorers : RHP Max Graham
Now at C: Matt Herzog
Now at 1B: Greg Tifft
Now at 3B: Matt Moreno
Now in LF: Ken Brannan
Now in CF: Mike Peirce
Now in RF: Willie Vizcarra
Batting: RHB Keith Miller 0-0: Called Strike
0-1: Ball
1-1: Ball
2-1: Ground out 5-3 (Groundball, 15, EV 90.0 MPH)
Batting: RHB Bill Miller 0-0: Fly out, F8 (Flyball, 8RD, EV 101.3 MPH)
Batting: RHB Cameron McCrary 0-0: Fly out, F8 (Flyball, 8RD, EV 80.6 MPH)
Bottom of the 5th over - 0 runs, 0 hits, 0 errors, 0 left on base; Sioux City 5 - Chicago 1
TOP OF THE 6TH
Sioux City Explorers batting - Pitching for Chicago Dogs : LHP Robby Carson
Pitching: LHP Randy Stanford
Batting: RHB Matt Herzog 0-0: Ground out 1-3 (Groundball, 13, EV 65.6 MPH)
Batting: RHB Adrian Tableriou 0-0: Called Strike
0-1: Ground out 6-3 (Groundball, 6, EV 96.3 MPH)
Batting: LHB Mike Peirce 0-0: Foul Ball, location: 5F
0-1: Fly out, F7 (Flyball, 78S, EV 93.8 MPH)
Top of the 6th over - 0 runs, 0 hits, 0 errors, 0 left on base; Sioux City 5 - Chicago 1
BOTTOM OF THE 6TH
Chicago Dogs batting - Pitching for Sioux City Explorers : RHP Max Graham
Pitching: RHP Juan Contreras
Batting: RHB Ricky Aguirre 0-0: Ground out 5-3 (Groundball, 5S, EV 89.4 MPH)
Batting: LHB Eddy Basave 0-0: Foul Ball, location: 9LSF
0-1: SINGLE (Groundball, 13S, EV 68.8 MPH) (infield hit)
Batting: LHB Dave Haye 0-0: Ball
1-0: SINGLE (Line Drive, 8RS, EV 93.1 MPH)
Eddy Basave to second
Runner from 2nd tries for 3rd, SAFE, throw by CF made to third
Batting: SHB Braeden Wilson 0-0: Fly out, F7 (Line Drive, 78M, EV 93.8 MPH)
Runner from 3rd tags up, OUT at HOME! 7-2
Bottom of the 6th over - 0 runs, 2 hits, 0 errors, 1 left on base; Sioux City 5 - Chicago 1
TOP OF THE 7TH
Sioux City Explorers batting - Pitching for Chicago Dogs : LHP Randy Stanford
Batting: LHB Greg Tifft 0-0: Ball
1-0: TRIPLE (Flyball, 89XD, EV 108.1 MPH)
Batting: RHB Mike Fazio 0-0: Swinging Strike
0-1: Ball
1-1: Ball
2-1: SINGLE (Line Drive, 8RS, EV 100.6 MPH)
Greg Tifft scores
Batting: RHB Masayoshi Kubo 0-0: Grounds into double play, 4-6-3 (Groundball, 4, EV 84.4 MPH)
Batting: SHB Willie Vizcarra 0-0: Ball
1-0: Ball
2-0: Called Strike
2-1: Ground out U3 (Groundball, 3S, EV 91.9 MPH)
Top of the 7th over - 1 run, 2 hits, 0 errors, 0 left on base; Sioux City 6 - Chicago 1
BOTTOM OF THE 7TH
Chicago Dogs batting - Pitching for Sioux City Explorers : RHP Juan Contreras
Batting: LHB Dave Tracy 0-0: Ball
1-0: Ball
2-0: Ball
3-0: Base on Balls
Batting: RHB David Archer 0-0: Called Strike
Dave Tracy steals 2nd base
0-1: Swinging Strike
0-2: Strikes out swinging
Batting: RHB Keith Miller 0-0: Ground out 6-3 (Groundball, 6, EV 83.8 MPH)
Dave Tracy to third
Batting: RHB Bill Miller 0-0: Called Strike
0-1: Ball
1-1: Ground out 6-3 (Groundball, 6, EV 106.9 MPH)
Bottom of the 7th over - 0 runs, 0 hits, 0 errors, 1 left on base; Sioux City 6 - Chicago 1
TOP OF THE 8TH
Sioux City Explorers batting - Pitching for Chicago Dogs : LHP Randy Stanford
Pitching: RHP Jason Hawk
Batting: RHB Ken Brannan 0-0: Ball
1-0: Foul Ball, location: 2F
1-1: Swinging Strike
1-2: Ball
2-2: Strikes out looking
Batting: RHB Matt Moreno 0-0: Ball
1-0: Ball
2-0: Foul Ball, location: 9LDF
2-1: SINGLE (Flyball, 34D, EV 94.4 MPH)
Batting: RHB Matt Herzog 0-0: Fly out, F9 (Line Drive, 9LM, EV 103.1 MPH)
Batting: RHB Adrian Tableriou 0-0: Ball
1-0: Ball
2-0: Called Strike
2-1: Called Strike
2-2: Fly out, F9 (Flyball, 89M, EV 93.8 MPH)
Top of the 8th over - 0 runs, 1 hit, 0 errors, 1 left on base; Sioux City 6 - Chicago 1
BOTTOM OF THE 8TH
Chicago Dogs batting - Pitching for Sioux City Explorers : RHP Juan Contreras
Pitching: RHP David Quiroz
Batting: RHB Cameron McCrary 0-0: Swinging Strike
0-1: SINGLE (Groundball, 4M, EV 85.6 MPH) (infield hit)
Batting: RHB Ricky Aguirre 0-0: Ball
1-0: Grounds into double play, 1-4-3 (Groundball, P, EV 72.5 MPH)
Batting: LHB Eddy Basave 0-0: Ball
1-0: Called Strike
1-1: Foul Ball, location: 7LMF
1-2: Foul Ball, location: 23F
1-2: SINGLE (Groundball, 6D, EV 103.8 MPH)
Batting: LHB Dave Haye 0-0: Called Strike
0-1: Swinging Strike
0-2: Strikes out looking
Bottom of the 8th over - 0 runs, 2 hits, 0 errors, 1 left on base; Sioux City 6 - Chicago 1
TOP OF THE 9TH
Sioux City Explorers batting - Pitching for Chicago Dogs : RHP Jason Hawk
Pitching: RHP Joaquin Zapatero
Batting: LHB Mike Peirce 0-0: Foul Ball, location: 2F
0-1: SINGLE (Line Drive, 78S, EV 103.1 MPH)
Batting: LHB Greg Tifft 0-0: Ball
1-0: Ball
2-0: Swinging Strike
2-1: Foul Ball, location: 7LMFF
2-2: Foul Ball, location: 2F
2-2: Strikes out swinging
Batting: RHB Mike Fazio 0-0: Called Strike
0-1: Called Strike
0-2: Strikes out looking
Batting: RHB Masayoshi Kubo 0-0: Ball
1-0: Ball
2-0: Ball
3-0: SINGLE (Line Drive, 78M, EV 84.4 MPH)
Mike Peirce to second
Batting: SHB Willie Vizcarra 0-0: Ball
1-0: Swinging Strike
1-1: Ball
2-1: Fly out, F7 (Flyball, 7, EV 98.1 MPH)
Top of the 9th over - 0 runs, 2 hits, 0 errors, 2 left on base; Sioux City 6 - Chicago 1
BOTTOM OF THE 9TH
Chicago Dogs batting - Pitching for Sioux City Explorers : RHP David Quiroz
Pitching: LHP Alex Gomez
Batting: SHB Braeden Wilson 0-0: Foul Ball, location: 7LMF
0-1: Ball
1-1: Ball
2-1: Foul Ball, location: 23FF
2-2: Ball
3-2: Strikes out swinging
Batting: LHB Dave Tracy 0-0: Foul Ball, location: 23F
0-1: Foul Ball, location: 2F
0-2: Ball
1-2: Ball
2-2: Strikes out swinging, 2-3 out at first.
Batting: RHB David Archer 0-0: Called Strike
0-1: Foul Ball, location: 5F
0-2: Strikes out looking
Bottom of the 9th over - 0 runs, 0 hits, 0 errors, 0 left on base; Sioux City 6 - Chicago 1
Saturday, May 4th , 2024 - OOTP Baseball 24.11 Build 85